 Dungeon Crawl Stone Soup version 0.26-a0-651-gb41185065b (webtiles) character file.

Game seed: 13729070034420870308

1026 Flugslaktarn the Chopper (level 8, -7/75 HPs)
             Began as a Deep Dwarf Fighter on Oct 22, 2020.
             Mangled by an orc warrior
             ... wielding a +0 long sword
              (8 damage)
             ... on level 6 of the Dungeon.
             The game lasted 00:01:17 (1756 turns).

Flugslaktarn the Chopper (Deep Dwarf Fighter)       Turns: 1756, Time: 00:01:18

Health: -7/75      AC: 10    Str: 21    XL:     8   Next: 2%
Magic:  3/3        EV:  9    Int:  8    God:
Gold:   228        SH: 10    Dex: 14    Spells: 7/7 levels left

rFire    + . .     SeeInvis .   a - +0 war axe
rCold    . . .     Faith    .   c - +0 kite shield
rNeg     . . .     Spirit   .   j - +2 scale mail {rF+}
rPois    .         Reflect  .   i - +0 helmet
rElec    .         Harm     .   (no cloak)
rCorr    .         Rampage  .   (no gloves)
MR       +....                  (no boots)
Stlth    ..........             (no amulet)
HPRegen  0.00/turn              (no ring)
MPRegen  0.08/turn              (no ring)

@: non-regenerating
A: damage resistance, heal wounds, sense surroundings 1, no regeneration
a: Heal Wounds


You were on level 6 of the Dungeon.
You visited 1 branch of the dungeon, and saw 6 of its levels.

You collected 228 gold pieces.

Inventory:

Hand Weapons
 a - a +0 war axe (weapon)
Armour
 b - a +0 scale mail
 c - a +0 kite shield (worn)
 i - a +0 helmet (worn)
   (You found it on level 3 of the Dungeon)
 j - a +2 scale mail of fire resistance (worn)
   (You took it off Terence on level 2 of the Dungeon)
Jewellery
 k - an uncursed amulet of guardian spirit {unknown}
   (You found it on level 4 of the Dungeon)
 r - a cursed amulet of inaccuracy {unknown}
   (You found it on level 5 of the Dungeon)
Scrolls
 e - 4 scrolls of teleportation {unknown}
 h - 7 scrolls of identify {unknown}
 o - a scroll of remove curse {unknown}
 s - a scroll of amnesia {unknown}
 t - a scroll of vulnerability {unknown}
Potions
 d - 3 potions of might
 f - 3 potions of flight {unknown}
 g - 4 potions of stabbing {unknown}
 l - 2 potions of mutation {unknown}
 m - 2 potions of curing {unknown}
 n - 3 potions of heal wounds {unknown}
 p - a potion of resistance
 q - a potion of brilliance {unknown}


   Skills:
 * Level 5.5 Fighting
 * Level 6.2 Axes
 + Level 5.2 Armour
 + Level 2.5 Dodging
 - Level 4.5 Shields


You had 7 spell levels left.
You didn't know any spells.
Your spell library was empty.

Dungeon Overview and Level Annotations

Branches:
Dungeon (6/15)
 Temple: D:4-7

Altars:
Gozag


Innate Abilities, Weirdness & Mutations

You are resistant to damage.
You can heal yourself by infusing magical energy.
You passively map a small area around you.
You do not regenerate.


Message History

The orc warrior hits you with a +0 long sword.
You slash the orc warrior!
The orc warrior is heavily wounded.
You block the orc warrior's attack.
You are too injured to fight recklessly!
Your scale mail prevents you from hitting the orc warrior.
The orc warrior is heavily wounded.
The orc warrior hits you with a +0 long sword!
* * * LOW HITPOINT WARNING * * *
You fail to use your ability.
The orc warrior hits you with a +0 long sword!
* * * LOW HITPOINT WARNING * * *
You slash the orc warrior!
The orc warrior is severely wounded.
The orc warrior hits you with a +0 long sword.
You are too injured to fight recklessly!
You hit the orc warrior.
The orc warrior is almost dead.
The orc warrior hits you with a +0 long sword!
You die...

* ##.......## *#### #. ,
... ..... ,, ...###. *
#.##.#.# ** ###..##. , *
#####....#)######.......
*
..........†)))[.........
,
####.#.##†######.###.#.
* * #.##......#.# #..#
#.#######.#.####.# * #@#
#....... , * #o# *
######.. , #o# , , * #..
, #oo, , ######.. , #Z.
, #....... , ,,..##
#.....<. ..# #....... ,
, ..# #..<.... #.......


You could see an orc warrior (resistant), 3 orcs and a jackal skeleton.

Vanquished Creatures
  Grinder (D:5)
  A water moccasin (D:6)
  An ogre (D:5)
  A centaur (D:5)
  A bullfrog (D:6)
  A howler monkey (D:6)
  A bullfrog skeleton (D:5)
  2 hounds
  2 iguanas
  Terence (D:2)
  3 orc wizards
  A worker ant (D:5)
  7 gnolls (D:6)
  2 adders
  A white imp (D:6)
  An ufetubus (D:6)
  An ooze (D:2)
  An adder skeleton (D:3)
  A worm (D:5)
  5 leopard geckos
  14 orcs
  6 bats
  2 giant cockroaches
  2 goblins
  3 hobgoblins
  7 jackals
  A ball python (D:5)
  5 frilled lizards
  A kobold (D:2)
  5 rats
81 creatures vanquished.

Notes
Turn   | Place    | Note
-------+----------+-------------------------------------------
     0 | D:1      | Flugslaktarn the Deep Dwarf Fighter began the quest for the
                  | Orb.
     0 | D:1      | Reached XP level 1. HP: 20/20 MP: 1/1
   112 | D:1      | Reached XP level 2. HP: 22/27 MP: 2/2
   300 | D:2      | Noticed Terence
   318 | D:2      | Killed Terence
   318 | D:2      | Reached skill level 3 in Axes
   318 | D:2      | Reached XP level 3. HP: 11/34 MP: 3/3
   360 | D:3      | Reached XP level 4. HP: 30/42 MP: 3/3
   606 | D:4      | Reached XP level 5. HP: 50/50 MP: 4/4
   885 | D:5      | Entered Level 5 of the Dungeon
   903 | D:5      | Reached skill level 4 in Axes
  1081 | D:5      | Noticed a centaur
  1091 | D:5      | Killed a centaur
  1091 | D:5      | Reached XP level 6. HP: 29/57 MP: 5/5
  1344 | D:5      | Noticed Grinder
  1364 | D:5      | Killed Grinder
  1364 | D:5      | Reached skill level 5 in Axes
  1364 | D:5      | Reached skill level 1 in Dodging
  1364 | D:5      | Reached XP level 7. HP: 44/66 MP: 4/4
  1385 | D:5      | Reached skill level 5 in Fighting
  1387 | D:5      | Found an opulent altar of Gozag.
  1641 | D:6      | Reached skill level 5 in Armour
  1702 | D:6      | Reached skill level 6 in Axes
  1711 | D:6      | Reached XP level 8. HP: 39/75 MP: 3/3
  1754 | D:6      | HP: 1/75 [orc warrior/+0 long sword (8)]
  1756 | D:6      | Mangled by an orc warrior

Illustrated notes

Levels and vault maps discovered:
D:1:      dpeg_arrival_tiny_d, layout_basic
D:2:      layout_loops_ring, st_stairs_8, uniq_terence
D:3:      layout_loops_ring, nicolae_tso_carved_into_rock
D:4:      layout_basic
D:5:      layout_gridville, lemuel_doored_altar, uniq_grinder
D:6:      layout_basic, marbit_many_paths, minitemple,
          minmay_temple_entry_junction

Skill      XL: |  1  2  3  4  5  6  7 |
---------------+----------------------+-----
Fighting       | 3 4 5 |  5.5
Axes           | 3 4 5 6 |  6.2
Shields        | 4 |  4.5
Armour         | 4 5 |  5.2
Dodging        | 1 2 |  2.5

Action                   |  1- 3 |  4- 6 |  7- 9 || total
-------------------------+-------+-------+-------++-------
Melee: War axe           |    68 |   137 |   142 ||   347
 Abil: Heal Wounds       |     1 |     4 |     5 ||    10
Armor: Scale mail        |    30 |    66 |    61 ||   157
Dodge: Dodged            |    26 |    48 |    48 ||   122
Block: Kite shield       |    34 |    78 |    88 ||   200

Table legend: (Time is in decaauts)
 A = Elapsed time spent in this place.
 B = Non-inter-level travel time spent in this place.
 C = Inter-level travel time spent in this place.
 D = Time resting spent in this place.
 E = Time spent auto-exploring this place.
 F = Levels seen in this place.
 G = Mean time per level.
                   A        B        C        D        E       F      G
               +--------+--------+--------+--------+--------+-----+--------+
         Total |   1879 |   1749 |    130 |      0 |   1058 |   6 |  313.2 |
       Dungeon |   1879 |   1749 |    130 |      0 |   1058 |   6 |  313.2 |
               +--------+--------+--------+--------+--------+-----+--------+

Top non-repeatable levels by time:
     D:5: 713 daAuts
     D:2: 306 daAuts
     D:4: 286 daAuts
     D:3: 226 daAuts
     D:6: 214 daAuts
     D:1: 131 daAuts
